 Dungeon Crawl Stone Soup version 0.28.0-1-gb440e238dd (webtiles) character file.

Game seed: 10821050261194481086

68763 issech the Bludgeoner (level 14, -7/128 HPs)
             Began as a Troll Monk on Feb 21, 2022.
             Was a High Priest of Hepliaklqana.
             Mangled by a tentacled starspawn (13 damage)
             ... on level 3 of the Abyss.
             The game lasted 01:46:45 (17489 turns).

issech the Bludgeoner (Troll Monk)                 Turns: 17489, Time: 01:46:47

Health: -7/128     AC: 20    Str: 22    XL:     14   Next: 87%
Magic:  13/13      EV: 11    Int:  6    God:    Hepliaklqana [*****.]
Gold:   947        SH: 18    Dex: 18    Spells: 13/13 levels left

rFire   . . .      SeeInvis .   N - +4 whip (drain)
rCold   + + +      Faith    .   Z - +2 kite shield {rPois}
rNeg    . . .      Spirit   .   G - +2 ice dragon scales
rPois   +          Reflect  +   (helmet restricted)
rElec   .          Harm     .   u - +0 cloak
rCorr   .          Rampage  .   (gloves unavailable)
Will    +....                   (boots unavailable)
Stlth   ++........              O - amulet of reflection
HPRegen 0.00/turn               h - ring of Yteoxemn {rF+ rC+ Dex+2}
MPRegen 0.13/turn               Y - +4 ring of protection

@: about to teleport, sick, studying 2 skills
A: reduced essence, large, unfitting armour, claws 3, regeneration 1, shaggy fur
1, tough skin 1
a: Renounce Religion, Recall Ancestor, Ancestor Identity, Transference, Idealise


You were on level 3 of the Abyss.
You worshipped Hepliaklqana.
Hepliaklqana was extremely pleased with you.
You visited 2 branches of the dungeon, and saw 16 of its levels.
You visited the Abyss 1 time.
You also visited: Sewer and Ossuary.

You collected 947 gold pieces.

Inventory:

Hand Weapons
 t - a +1 giant club
 N - a +4 whip of draining (weapon)
 U - a +5 hunting sling
Missiles
 c - 610 stones
 l - 4 boomerangs of dispersal
 n - 6 curare-tipped darts
 q - 136 sling bullets
 v - 144 bolts
 C - 24 poisoned darts
 I - 278 arrows
 J - 2 throwing nets
 Q - 14 large rocks (quivered)
Armour
 u - a +0 cloak (worn)
 D - a +0 troll leather armour
 G - +2 ice dragon scales (worn)
 Z - a +2 kite shield of poison resistance (worn)
Jewellery
 d - a ring of positive energy
 f - a +6 ring of intelligence
 h - the ring of Yteoxemn (left claw) {rF+ rC+ Dex+2}
   (You acquired it on level 5 of the Dungeon)

   [ring of protection from fire]

   Dex:       It affects your dexterity (+2).
   rF:        It protects you from fire.
   rC:        It protects you from cold.
 j - a ring of fire
 o - a ring of flight
 s - a ring of poison resistance
 y - a ring of protection from fire
 H - a ring of resist corrosion
 O - an amulet of reflection (around neck)
 P - a +4 ring of protection
 W - a +6 ring of strength
 X - the ring "Piokipae" {rC- Will+ rCorr Int+2 Dex+4}
   (You found it on level 11 of the Dungeon)

   [ring of willpower]

   Int:       It affects your intelligence (+2).
   Dex:       It affects your dexterity (+4).
   rC:        It makes you vulnerable to cold.
   rCorr:     It protects you from acid and corrosion.
   Will:      It increases your willpower.
 Y - a +4 ring of protection (right claw)
Wands
 b - a wand of flame (13)
 i - a wand of mindburst (10)
 p - a wand of polymorph (15)
 E - a wand of acid (16)
 M - a wand of iceblast (6)
Scrolls
 g - a scroll of holy word
 r - 6 scrolls of teleportation
 x - a scroll of silence
 L - a scroll of enchant weapon
 R - 2 scrolls of fear
 S - a scroll of identify
 V - a scroll of magic mapping
Potions
 e - 9 potions of curing
 k - a potion of heal wounds
 w - 8 potions of haste
 z - a potion of lignification
 A - a potion of resistance
 B - a potion of might
 T - 2 potions of berserk rage
Miscellaneous
 m - a condenser vane
 F - a phantom mirror
 K - a lightning rod (4/4)


   Skills:
 + Level 10.0 Fighting
 + Level 0.7(1.0) Short Blades
 + Level 0.7(1.0) Long Blades
 + Level 0.7(9.1) Axes
 + Level 15.1(15.2) Maces & Flails
 + Level 0.7(1.1) Polearms
 + Level 0.7(9.1) Staves
 + Level 0.5(0.9) Slings
 + Level 0.5 Bows
 + Level 0.5 Crossbows
 + Level 1.5(1.6) Throwing
 + Level 5.7 Armour
 + Level 9.7 Dodging
 + Level 5.4 Stealth
 + Level 9.7 Shields
 + Level 1.0 Unarmed Combat
 + Level 0.4 Spellcasting
 + Level 0.6 Conjurations
 + Level 0.5 Hexes
 + Level 1.1 Summonings
 + Level 0.7 Necromancy
 + Level 0.6 Translocations
 + Level 1.1 Transmutations
 + Level 0.6 Fire Magic
 + Level 0.6 Ice Magic
 + Level 0.5 Air Magic
 + Level 0.8 Earth Magic
 + Level 0.6 Poison Magic
 + Level 0.8 Invocations
 + Level 0.6 Evocations


You had 13 spell levels left.
You didn't know any spells.
Your spell library contained the following spells:

 Spells                   Type           Power      Damage    Failure   Level
 Beastly Appendage        Tmut           2%         N/A       86%         1
 Summon Small Mammal      Summ           4%         N/A       86%         1
 Animate Skeleton         Necr           0%         N/A       90%         1
 Apportation              Tloc           0%         N/A       91%         1
 Magic Dart               Conj           0%         1d3       91%         1
 Wereblood                Tmut           1%         N/A       95%         2
 Searing Ray              Conj           0%         2d4       97%         2
 Sublimation of Blood     Necr           0%         N/A       97%         2
 Call Canine Familiar     Summ           1%         N/A       99%         3
 Gell's Gravitas          Tloc           0%         N/A       99%         3
 Spider Form              Tmut/Pois      1%         N/A       99%         3
 Summon Guardian Golem    Hex/Summ       1%         N/A       99%         3
 Confusing Touch          Hex            0%         N/A       100%        3
 Portal Projectile        Hex/Tloc       0%         N/A       100%        3
 Fulminant Prism          Conj/Hex       0%         3d6       100%        4
 Passage of Golubria      Tloc           0%         N/A       100%        4
 Petrify                  Tmut/Erth      1%         N/A       100%        4
 Summon Lightning Spire   Summ/Air       1%         N/A       100%        4
 Blade Hands              Tmut           0%         N/A       100%        5
 Irradiate                Conj/Tmut      0%         3d13      100%        5
 Lightning Bolt           Conj/Air       0%         1d11      100%        5
 Manifold Assault         Tloc           0%         N/A       100%        5
 Silence                  Hex/Air        0%         N/A       100%        5
 Yara's Violent Unravell  Hex/Tmut       0%         3d3       100%        5
 Statue Form              Tmut/Erth      0%         N/A       100%        6
 Dragon Form              Tmut           0%         N/A       100%        7
 Enfeeble                 Hex            0%         N/A       100%        7
 Orb of Destruction       Conj           0%         9d5       100%        7
 Storm Form               Tmut/Air       0%         N/A       100%        7
 Lehudib's Crystal Spear  Conj/Erth      0%         10d2      100%        8
 Maxwell's Capacitive Co  Air            0%         ∞         100%        8


Dungeon Overview and Level Annotations

Branches:
Dungeon (15/15)            Temple (1/1) D:7            Lair (0/6) D:8
    Orc (0/2) D:9          Vaults (0/5) D:13          Sewer (visited)
Ossuary (visited)
 Depths: D:15

Altars:
Ashenzari
Cheibriados
Dithmenos
Elyvilon
Fedhas
Gozag
Hepliaklqana
Kikubaaqudgha
Makhleb
Nemelex Xobeh
Okawaru
Qazlal
Ru
Sif Muna
Trog
Uskayaw
Vehumet
Wu Jian
Xom
Yredelemnul
Zin
The Shining One
Jiyva

Shops:
D:13 !   D:14 (

Portals:
Abyss: D:9


Innate Abilities, Weirdness & Mutations

Your life essence is reduced to manifest your ancestor. (-10% HP)
You are too large for most types of armour.
You have claws for hands.
Your natural rate of healing is unusually fast.
You are covered in fur. (AC +1)
You have tough skin. (AC +1)


Message History

A tentacled starspawn and a white imp come into view.
The small abomination hits you but does no damage.
The starspawn tentacle grabs you. The starspawn tentacle constricts you.
You block the tentacled starspawn's attack. x2
As you read the scroll of teleportation, it crumbles to dust.
You feel strangely unstable.
You feel the power of the Abyss delaying your translocation!
The small abomination hits you but does no damage.
The starspawn tentacle constricts you.
You block the small abomination's attack.
The tentacle pulls you backwards!
The starspawn tentacle loses its grip on you.
The tentacle pulls you backwards! The starspawn tentacle grabs you.
The starspawn tentacle constricts you.
You escape the starspawn tentacle's grasp.
The small abomination closely misses you.
A raiju comes into view.
You block the starspawn tentacle's attack.
A tentacle flies out from the starspawn's body!
A starspawn tentacle comes into view.
A raiju comes into view.
The raiju barks!
You block the starspawn tentacle's attack.
The raiju barks!
The tentacled starspawn bites you!
* * * LOW HITPOINT WARNING * * *
You block the tentacled starspawn's attack.
A raiju and an apocalypse crab come into view.
Tentacles burst from the starspawn's body! x2
The small abomination hits you but does no damage. 4 starspawn tentacles come into view.
Unknown command.
The raiju barks!
You hit the starspawn tentacle.
The starspawn tentacle is lightly damaged.
You block the thrashing horror's attack. x2
A raiju comes into view.
You block the tentacled starspawn's attack.
The tentacled starspawn tentacle-slaps you!
You die...

.. ...... .. ###.#
##.###.#...........#
...........#... ####
####.........w.###.
.........3.5X.#
#..h.5..─.#.##
#.#......#X...##
h.h...wXXw.w...#
#.#hw@x.X.X..#
..t...######...#
..### .#.#...# .###
...# ##.#.. #..## ..


You could see 4 tentacled starspawn, an apocalypse crab, a thrashing horror, a
large abomination, a sixfirhy, 4 raiju, a small abomination, 5 starspawn
tentacles, a white imp and an ufetubus.

Vanquished Creatures
  Frances (D:13)
  2 hydras (D:13)
  2 boulder beetles
  6 centaur warriors
  An ogre mage (D:11)
  The ghost of Sanktem7 the Cruncher, a novice MiFi (D:9)
  8 two-headed ogres
  2 orc knights
  11 ugly things
  3 deep elf pyromancers
  2 manticores
  A guardian serpent (shapeshifter) (D:13)
  A gargoyle (D:12)
  A komodo dragon (D:10)
  A red devil (D:9)
  An efreet (D:14)
  A yaktaur (D:13)
  10 slime creatures
  A raiju (D:9)
  A jumping spider (shapeshifter) (D:15)
  A wraith (D:15)
  A basilisk (D:12)
  3 steam dragons
  6 vampire mosquitoes
  9 yaks
  A warg (D:15)
  2 water moccasins
  2 sky beasts
  A hell hound (D:14)
  4 ogres
  A black bear (D:4)
  5 orc warriors
  2 centaurs
  A phantom (D:6)
  An elf zombie (Ossuary)
  2 bullfrogs (Sewer)
  A gnoll sergeant (D:12)
  3 scorpions (D:4)
  A wyvern skeleton (D:7)
  6 killer bees
  2 howler monkeys
  2 centaur zombies
  7 orc priests
  3 centaur skeletons
  2 gnoll shamans
  A bullfrog skeleton (D:7)
  2 iguanas
  4 orc wizards
  Natasha (D:2)
  A statue (D:5)
  3 mummies
  20 gnolls
  11 adders
  A white imp (D:7)
  3 ufetubi (D:4)
  2 adder zombies (Ossuary)
  An adder skeleton (D:4)
  6 worms
  8 dart slugs
  30 orcs
  13 endoplasms
  9 giant cockroaches
  4 goblins
  A hobgoblin (D:3)
  2 jackals (D:2)
  11 kobolds
  13 quokkas
  15 ball pythons
  3 bats
  13 frilled lizards
  2 goblin zombies
  11 hobgoblin zombies (Ossuary)
  15 kobold zombies (Ossuary)
  4 orc zombies
  6 rats
  2 rat zombies (Ossuary)
344 creatures vanquished.

Vanquished Creatures (collateral kills)
  Azrael (D:14)
  Josephine (D:15)
  A vault guard (D:13)
  A boulder beetle (D:15)
  3 hydras
  An ice dragon (D:15)
  4 two-headed ogres
  A centaur warrior (D:15)
  An ogre mage (D:13)
  A death yak (shapeshifter) (D:9)
  A tengu warrior (D:12)
  A fire crab (D:13)
  4 skeletal warriors
  4 deep elf pyromancers
  2 manticores
  2 cyclopes
  4 ugly things
  A freezing wraith (D:13)
  An unseen horror (D:13)
  An efreet (D:13)
  An ancient zyme (Abyss:3)
  A meliai (D:13)
  2 trolls
  A hornet (D:13)
  10 slime creatures
  2 fire elementals (D:14)
  6 wraiths
  6 yaks
  5 vampire mosquitoes
  An acid dragon (D:12)
  2 hell hounds (D:14)
  A small abomination (D:9)
  A swamp drake (D:9)
  An ogre (D:11)
  A kobold brigand (D:11)
  2 howler monkeys (D:9)
  A bullfrog zombie (D:7)
  2 centaur zombies (D:9)
  2 orc priests
  A gnoll shaman (D:10)
  An orc wizard (D:9)
  2 killer bee zombies (D:8)
  5 gnolls (D:10)
  13 orcs
  2 kobolds (D:11)
  6 bushes (D:9)
114 creatures vanquished.

Vanquished Creatures (others)
  A wizard (D:14)
  A cyclops (D:13)
  8 battlemagi
  14 plants
  8 starspawn tentacles (Abyss:3)
32 creatures vanquished.

Grand Total: 490 creatures vanquished

Notes
Turn   | Place    | Note
-------+----------+-------------------------------------------
     0 | D:1      | issech the Troll Monk began the quest for the Orb.
     0 | D:1      | Reached XP level 1. HP: 22/22 MP: 0/0
   210 | D:1      | Found a faded altar of an unknown god.
   443 | D:1      | Reached XP level 2. HP: 29/29 MP: 1/1
   774 | D:2      | Reached skill level 3 in Maces & Flails
   864 | D:2      | Reached XP level 3. HP: 36/36 MP: 2/2
  1200 | D:2      | Identified the +2 leather armour of Hobalahu {Stlth+}
  1361 | D:2      | Noticed Natasha
  1366 | D:2      | Reached XP level 4. HP: 29/44 MP: 3/3
  1375 | D:2      | Killed Natasha
  1594 | D:3      | Reached skill level 4 in Maces & Flails
  1621 | D:3      | Noticed a sky beast
  1683 | D:2      | Killed a sky beast
  1684 | D:2      | Reached XP level 5. HP: 27/53 MP: 4/4
  1930 | D:3      | Reached XP level 6. HP: 61/61 MP: 5/5
  1994 | D:3      | Found a sacrificial altar of Ru.
  2188 | D:3      | Found a sparkling altar of Nemelex Xobeh.
  2235 | D:3      | Found a shimmering altar of Xom.
  2535 | D:3      | Found a shadowy altar of Dithmenos.
  2666 | D:3      | Reached skill level 5 in Maces & Flails
  2788 | D:4      | Found a sand-covered staircase.
  2833 | Ossuary  | Entered an ossuary
  3113 | Ossuary  | Reached XP level 7. HP: 67/68 MP: 6/6
  3516 | D:4      | Reached skill level 6 in Maces & Flails
  3873 | D:4      | Found a white marble altar of Elyvilon.
  4118 | D:5      | Entered Level 5 of the Dungeon
  4176 | D:5      | Noticed a yak
  4176 | D:5      | Noticed a yak
  4177 | D:5      | Noticed a yak
  4187 | D:5      | Killed a yak
  4188 | D:5      | Reached XP level 8. HP: 70/79 MP: 7/7
  4197 | D:5      | Reached skill level 7 in Maces & Flails
  4486 | D:5      | Found a glowing drain.
  4497 | Sewer    | Entered a sewer
  4874 | Sewer    | Identified a scroll of acquirement
  5026 | D:5      | Found a radiant altar of Vehumet.
  5294 | D:5      | Reached skill level 5 in Fighting
  5294 | D:5      | Reached skill level 8 in Maces & Flails
  5404 | D:5      | Acquired a manual of Maces & Flails
  5408 | D:5      | Acquired the ring of Yteoxemn {rF+ rC+ Dex+2}
  5747 | D:6      | Reached XP level 9. HP: 88/88 MP: 8/8
  5973 | D:7      | Reached skill level 9 in Maces & Flails
  5987 | D:7      | Reached skill level 5 in Dodging
  6043 | D:7      | Noticed a two-headed ogre
  6054 | D:7      | Killed a two-headed ogre
  6055 | D:7      | Reached skill level 10 in Maces & Flails
  6300 | D:7      | Found a staircase to the Ecumenical Temple.
  6309 | Temple   | Entered the Ecumenical Temple
  6365 | Temple   | Became a worshipper of Hepliaklqana the Forgotten
  6365 | Temple   | Reached * piety under Hepliaklqana
  6365 | Temple   | Reached ** piety under Hepliaklqana
  6366 | Temple   | Remembered your ancestor Esmond as a battlemage
  6442 | D:7      | Reached skill level 11 in Maces & Flails
  6597 | D:7      | Found a broken altar of Ashenzari.
  7181 | D:8      | Found a staircase to the Lair.
  7574 | D:9      | Noticed a troll
  7598 | D:9      | Reached XP level 10. HP: 84/90 MP: 9/9
  7759 | D:9      | Reached *** piety under Hepliaklqana
  7794 | D:9      | Noticed Sanktem7's ghost (novice MiFi)
  7800 | D:9      | Found a transporter.
  7860 | D:9      | Found a transporter.
  7917 | D:9      | Found an ornate altar of the Wu Jian Council.
  7935 | D:9      | Found a basalt altar of Yredelemnul.
  8072 | D:9      | Found a staircase to the Orcish Mines.
  8075 | D:9      | Reached skill level 1 in Shields
  8296 | D:9      | Reached skill level 12 in Maces & Flails
  8433 | D:9      | Noticed a torpor snail
  8453 | D:9      | Found a one-way gate to the infinite horrors of the Abyss.
  8675 | D:9      | Noticed a broodmother
  8832 | D:9      | Noticed an alligator
  8858 | D:10     | Entered Level 10 of the Dungeon
  9588 | D:10     | You fall into a shaft and drop 3 floors!
  9588 | D:13     | Noticed a cyclops
  9588 | D:13     | Noticed a centaur warrior
  9597 | D:13     | Killed a cyclops
  9608 | D:13     | Killed a centaur warrior
  9675 | D:13     | Noticed a seven-headed hydra
  9679 | D:13     | Noticed a two-headed ogre
  9690 | D:13     | Noticed a brown ugly thing
  9693 | D:13     | Noticed a deep elf pyromancer
  9791 | D:12     | Noticed a cyclops
  9799 | D:12     | Killed a cyclops
  9835 | D:12     | Noticed a two-headed ogre
  9836 | D:12     | Noticed a cyan ugly thing
  9845 | D:12     | Killed a two-headed ogre
  9846 | D:12     | Reached XP level 11. HP: 62/98 MP: 10/10
  9853 | D:12     | Killed a cyan ugly thing
  9960 | D:12     | Noticed a two-headed ogre
  9966 | D:12     | Killed a two-headed ogre
 10125 | D:12     | Reached **** piety under Hepliaklqana
 10232 | D:12     | Reached skill level 13 in Maces & Flails
 10260 | D:12     | Noticed a tengu warrior
 10298 | D:12     | Killed a tengu warrior
 10316 | D:11     | Noticed an eight-headed hydra
 10317 | D:11     | Noticed a seven-headed hydra
 10378 | D:11     | Noticed an ogre mage
 10378 | D:11     | Noticed a two-headed ogre
 10378 | D:11     | Noticed a two-headed ogre
 10380 | D:11     | Noticed a two-headed ogre
 10500 | D:12     | Noticed a two-headed ogre
 10513 | D:12     | Killed a two-headed ogre
 10886 | D:11     | Noticed a two-headed ogre
 10894 | D:11     | Killed a two-headed ogre
 10991 | D:11     | Noticed a two-headed ogre
 10998 | D:11     | Killed a two-headed ogre
 10999 | D:11     | Reached skill level 5 in Shields
 11014 | D:11     | Found a shimmering blue altar of Sif Muna.
 11080 | D:11     | Found a transporter.
 11082 | D:11     | Found a transporter.
 11110 | D:11     | Killed an eight-headed hydra
 11353 | D:11     | Noticed a two-headed ogre
 11372 | D:11     | Killed an ogre mage
 11373 | D:11     | Reached skill level 1 in Armour
 11388 | D:11     | Killed a two-headed ogre
 11389 | D:11     | Reached XP level 12. HP: 108/108 MP: 11/11
 11390 | D:11     | Killed a two-headed ogre
 11391 | D:11     | Killed a two-headed ogre
 11402 | D:11     | Killed a two-headed ogre
 11462 | D:11     | Killed a seven-headed hydra
 11523 | D:11     | Found a viscous altar of Jiyva.
 11589 | D:11     | Acquired a manual of Armour
 11893 | D:9      | Noticed an anaconda
 12066 | D:9      | Killed Sanktem7's ghost
 12083 | D:9      | Noticed a death yak
 12087 | D:9      | Reached skill level 1 in Throwing
 12087 | D:9      | Reached skill level 1 in Unarmed Combat
 12087 | D:9      | Reached skill level 1 in Summonings
 12087 | D:9      | Reached skill level 1 in Transmutations
 12087 | D:9      | Reached XP level 13. HP: 60/97 MP: 12/12
 12855 | D:11     | Reached skill level 14 in Maces & Flails
 12875 | D:11     | Identified the ring "Piokipae" {rC- Will+ rCorr Int+2
                  | Dex+4}
 13400 | D:13     | Found Quej's Distillery.
 13430 | D:13     | Found a gate to the Vaults.
 13625 | D:13     | Reached ***** piety under Hepliaklqana
 13802 | D:13     | Found a runed translucent door.
 13802 | D:13     | Found a runed translucent door.
 13823 | D:13     | Reached XP level 14. HP: 58/126 MP: 13/13
 14238 | D:13     | Reached skill level 5 in Armour
 14296 | D:13     | Got the Papyrus of the Pure Runes
 14747 | D:14     | Noticed Frances
 14780 | D:13     | Killed Frances
 15448 | D:14     | Found Weorazyil's Weapon Boutique.
 15527 | D:14     | Reached skill level 5 in Stealth
 15617 | D:14     | Noticed Azrael
 15706 | D:14     | Killed Azrael
 16106 | D:15     | Entered Level 15 of the Dungeon
 16216 | D:15     | Got the Handbook of Cloudy Arcane Weapons
 16248 | D:15     | Noticed Josephine
 16268 | D:15     | Killed Josephine
 16626 | D:15     | Reached skill level 15 in Maces & Flails
 16663 | D:15     | Reached skill level 10 in Fighting
 17264 | D:15     | Cast into level 3 of the Abyss (a wizard)
 17436 | Abyss:3  | Noticed a tentacled starspawn
 17473 | Abyss:3  | Noticed a tentacled starspawn
 17480 | Abyss:3  | Noticed a tentacled starspawn
 17483 | Abyss:3  | Noticed a tentacled starspawn
 17487 | Abyss:3  | HP: 6/128 [tentacled starspawn (10)]
 17489 | Abyss:3  | Mangled by a tentacled starspawn

Illustrated notes

Levels and vault maps discovered:
D:1:      psy_arrival_wood_between_worlds, layout_basic,
          dreamdust_ecumenical_altar_statues, minmay_door_square, st_stairs_6,
          serial_park_tiny_1, minmay_misc_feat_four_crosses
D:2:      layout_basic, hex_intersection, serial_bayou_pond_c,
          interstate_on_off, minmay_nonomino_d4, uniq_natasha
D:3:      minmay_evil_eye, layout_loops_ring,
          nicolae_dithmenos_through_a_glass_darkly, nicolae_overflow_squiral,
          mainiacjoe_overflow_tiny_flanked, serial_bayou_pond_b
D:4:      layout_basic, nicolae_elyvilon_peaceful_grove,
          nicolae_ossuary_entry_giza
D:5:      layout_loops_cross, vehumet_statue, portal_sewer_entry_f
D:6:      layout_rooms, roderic_nine_men_s_morris
D:7:      layout_cave_pools, lemuel_coloured_pillars_altar,
          minmay_temple_entry_junction_2
D:8:      layout_loops_ring, lair_entry_dummy, minmay_crystal_room
D:9:      layout_basic, mainiacjoe_overflow_catch_the_wave, erik_orc_1,
          gammafunk_ghost_abyssal_escape, minmay_misc_feat_five
D:10:     layout_loops_ring, nrook_loot_triangle, hex_tiny
D:11:     gammafunk_jiyva_shrine, layout_loops_ring,
          nicolae_sif_muna_condensation
D:12:     layout_roguey
D:13:     minmay_the_grid_triangle_9x9_rhombus_full
          [minmay_the_grid_triangle_9x9_corrupted_corridor,
          minmay_the_grid_triangle_9x9_tough_junction,
          minmay_the_grid_triangle_9x9_wacky_v,
          minmay_the_grid_triangle_9x9_zippers_horizontal,
          minmay_the_grid_triangle_9x9_dagger,
          minmay_the_grid_triangle_9x9_corruption,
          minmay_the_grid_triangle_9x9_negative_grid,
          minmay_the_grid_triangle_9x9_prize_schism], layout_rooms,
          david_vaults_5, serial_shops, shop, lemuel_flamethrower_2
D:14:     layout_roguey, bh_walls_and_bars, serial_shops, shop,
          amcnicky_mini_corridor_feature, uniq_frances, uniq_azrael
D:15:     grunt_enter_depths_magical_seal, layout_basic, serial_shops, shop,
          dk_noncrumbling_4, uniq_josephine
Temple:   cyrus_circular_temple
Abyss:3:  base: D:5, hangedman_abyss_mock_shop

Skill      XL: |  1  2  3  4  5  6  7  8  9 10 11 12 13 14 |
---------------+-------------------------------------------+-----
Maces & Flails | 3 4 5 6 8 11 12 13 14 15 | 15.1
Fighting       | 3 4 5 6 7 8 9 10 | 10.0
Dodging        | 3 4 5 6 7 8 9 |  9.7
Stealth        | 2 3 4 5 |  5.4
Shields        | 3 5 6 7 9 |  9.7
Armour         | 1 3 4 5 |  5.7
Throwing       | 1 |  1.5
Unarmed Combat | 1 |  1.0
Summonings     | 1 |  1.1
Transmutations | 1 |  1.1
Short Blades   | |  0.7
Long Blades    | |  0.7
Axes           | |  0.7
Polearms       | |  0.7
Staves         | |  0.7
Slings         | |  0.5
Bows           | |  0.5
Crossbows      | |  0.5
Spellcasting   | |  0.4
Conjurations   | |  0.6
Hexes          | |  0.5
Necromancy     | |  0.7
Translocations | |  0.6
Fire Magic     | |  0.6
Ice Magic      | |  0.6
Air Magic      | |  0.5
Earth Magic    | |  0.8
Poison Magic   | |  0.6
Invocations    | |  0.8
Evocations     | |  0.6

Action                   |  1- 3 |  4- 6 |  7- 9 | 10-12 | 13-15 || total
-------------------------+-------+-------+-------+-------+-------++-------
Melee: Mace              |   128 |   187 |       |       |       ||   315
       Punch             |     1 |     3 |       |       |       ||     4
       Giant club        |       |    86 |   324 |       |       ||   410
       Whip              |       |       |    54 |   553 |   932 ||  1539
Throw: Large rock        |       |       |       |     1 |       ||     1
Invok: Ancestor Life: Ba |       |       |     1 |       |       ||     1
       Recall Ancestor   |       |       |       |     1 |     1 ||     2
  Use: Scroll            |       |       |    11 |     5 |     9 ||    25
       Potion            |       |       |       |     1 |     7 ||     8
 Stab: Sleeping          |     3 |     2 |     9 |     2 |     4 ||    20
       Distracted        |       |     1 |     1 |     9 |    24 ||    35
Armor: Robe              |    58 |    95 |   152 |    43 |       ||   348
       Troll leather arm |       |       |       |    23 |    94 ||   117
       Ice dragon scales |       |       |       |       |    51 ||    51
Dodge: Dodged            |    53 |   181 |   296 |   130 |   196 ||   856
Block: Kite shield       |       |       |    15 |   219 |   565 ||   799
       Reflection        |       |       |       |     2 |    10 ||    12
